 Dungeon Crawl Stone Soup version 0.32-a0-673-g3729bd50f8 (webtiles) character file.

Game seed: 15270979133211937670

76 dolemite99 the Cutter (level 4, -2/49 HPs)
             Began as a Coglin Gladiator on Mar 11, 2024.
             Slain by a goblin
             ... wielding a +0 dagger
             ... led by Robin
              (5 damage)
             ... on level 3 of the Dungeon.
             The game lasted 00:01:33 (2077 turns).

dolemite99 the Cutter (Coglin Gladiator)            Turns: 2077, Time: 00:01:34

Health: -2/49      AC: 22    Str: 15    XL:     4   Next: 32%
Magic:  4/4        EV:  2    Int:  7    God:
Gold:   161        SH:  0    Dex: 17    Spells: 3/3 levels left

rFire   . . .        a - +0 rapier {Armando}
rCold   . . .        f - +0 dagger {Epaminondas}
rNeg    . . .        l - melded +0 scale mail
rPois   +            c - melded +1 helmet
rElec   .            (cloak currently unavailable)
rCorr   .            (gloves currently unavailable)
SInv    .            (boots currently unavailable)
Will    .....        (no amulet)
Stlth   ++           (no ring)
HPRegen 0.28/turn    (no ring)
MPRegen 0.09/turn    (no gizmo)

%: no passive effects
@: tree-form, revved
A: stationary, stasis, torment immunity, boosted hp, off-hand wielding, slow
wielding, warmup strikes, (no jewellery)
a: Invent Gizmo


You were on level 3 of the Dungeon.
You were a tree.
You visited 1 branch of the dungeon, and saw 3 of its levels.

You collected 161 gold pieces.

Inventory:

Hand Weapons
 a - a +0 rapier (weapon) {Armando}
 f - a +0 dagger (offhand) {Epaminondas}
Missiles
 d - 3 throwing nets (quivered)
 e - a javelin
Armour
 b - a +0 leather armour
 c - a +1 helmet (melded)
 k - a +0 ring mail
 l - a +0 scale mail (melded)
Jewellery
 i - an amulet of reflection
Scrolls
 j - 2 scrolls of amnesia


   Skills:
 - Level 2.0 Fighting
 + Level 4.5 Short Blades
 - Level 1.7 Throwing
 - Level 2.6 Dodging


You had 3 spell levels left.
You didn't know any spells.
Your spell library contained the following spells:

 Spells                   Type           Power      Damage    Failure   Level
 Sublimation of Blood     Necr           0%         N/A       56%         2
 Animate Dead             Necr           0%         N/A       99%         4
 Petrify                  Alch/Erth      0%         N/A       99%         4
 Irradiate                Conj/Alch      0%         3d11      100%        5
 Haunt                    Necr/Summ      0%         N/A       100%        7
 Infestation              Necr           0%         N/A       100%        8


Dungeon Overview and Level Annotations

Branches:
Dungeon (3/15)

Altars:

Annotations:
D:3 Robin


Innate Abilities, Weirdness & Mutations

You are a tree.
Your roots penetrate the ground, keeping you stationary.
You cannot be teleported.
You are immune to unholy pain and torment.
Your maximum health is greatly increased.
Your equipment is partially melded.
You can wield a second weapon in your off-hand.
It takes a long time for you to wield or remove held weapons.
Your first few attacks do less damage.
((You cannot equip rings or amulets.))


Message History

You hit the goblin but do no damage.
The goblin is severely wounded.
You puncture the goblin with your +0 rapier!
You kill the goblin!
The goblin hits you but does no damage. x2
You hit the goblin with your +0 rapier.
The goblin is moderately wounded.
You hit the goblin with your +0 dagger.
You kill the goblin!
Robin completely misses you. The goblin hits you but does no damage.
You cannot move.
You hit the goblin with your +0 rapier.
The goblin is severely wounded.
You hit the goblin but do no damage.
Robin roars a battlecry!
The goblin goes into a battle-frenzy!
The goblin hits you with a +0 dagger.
* * * LOW HITPOINT WARNING * * *
The hobgoblin barely misses you. The goblin barely misses you.
You barely miss the hobgoblin with your +0 rapier.
You closely miss the hobgoblin with your +0 dagger.
Robin hits you but does no damage. The goblin hits you but does no damage.
The hobgoblin hits you.
* * * LOW HITPOINT WARNING * * *
The goblin hits you with a +0 dagger.
* * * LOW HITPOINT WARNING * * *
The goblin hits you but does no damage.
You closely miss the goblin with your +0 dagger.
The goblin is severely wounded.
You hit the goblin with your +0 rapier.
You kill the goblin!
Robin hits you but does no damage. The goblin completely misses you.
The hobgoblin hits you but does no damage.
The goblin hits you but does no damage.
You barely miss the goblin with your +0 dagger.
You closely miss the goblin with your +0 rapier.
Robin hits you from afar with a +0 spear.
* * * LOW HITPOINT WARNING * * *
The goblin hits you with a +0 dagger.
You die...

#.## ##.#.##
#.###.# #..#.##
#.....# #
#.###.########
###.#.###.........
#......###########
##......g♣)gr##
#...#...gg##..#
#...#.#....#....##
.#.....#..#......#
........###..)...#
.####... ##...#.#
#... .#..#.# #...
.. #...# #. ..g
g###


You could see Robin, a quokka, a hobgoblin (strong) and 2 goblins.

Vanquished Creatures
  2 adders (D:3)
  2 dart slugs (D:2)
  3 bats
  4 endoplasms
  6 giant cockroaches
  9 goblins
  7 hobgoblins
  4 kobolds
  A quokka (D:1)
  4 ball pythons
  4 frilled lizards
  3 rats
49 creatures vanquished.

Notes
Turn   | Place    | Note
-------+----------+-------------------------------------------
     0 | D:1      | dolemite99 the Coglin Gladiator began the quest for the
                  | Orb.
     0 | D:1      | Reached XP level 1. HP: 16/16 MP: 1/1
    65 | D:1      | Reached skill level 3 in Short Blades
   108 | D:1      | Reached XP level 2. HP: 22/22 MP: 2/2
   536 | D:1      | Reached XP level 3. HP: 26/27 MP: 3/3
  1432 | D:2      | Reached skill level 4 in Short Blades
  2045 | D:3      | Noticed Robin
  2047 | D:3      | Reached XP level 4. HP: 33/33 MP: 4/4
  2077 | D:3      | Slain by a goblin

Illustrated notes

Levels and vault maps discovered:
D:1:      minmay_arrival_glassed_features, layout_rooms, serial_bayou_crossing
D:2:      layout_basic
D:3:      layout_loops_ring, old_standard_altar, nicolae_overflow_hidden_temple,
          lemuel_tele_altar, ebering_ecumenical_altar_box, minmay_misc_feat_chi,
          uniq_robin

Skill      XL: |  1  2  3 |
---------------+----------+-----
Short Blades   | 3 4 |  4.5
Fighting       | |  2.0
Throwing       | |  1.7
Dodging        | |  2.6

Action                     |  1- 3 |  4- 6 || total
---------------------------+-------+-------++-------
  Melee: Dagger            |    84 |    21 ||   105
         Rapier            |    89 |    21 ||   110
    Use: Scroll            |     5 |       ||     5
         Potion            |       |     2 ||     2
 Armour: Leather armour    |     5 |       ||     5
         Scale mail        |    54 |    15 ||    69
         Ring mail         |     2 |       ||     2
         Skin              |       |    46 ||    46
  Dodge: Dodged            |    56 |    18 ||    74

Table legend: (Time is in decaauts)
 A = Elapsed time spent in this place.
 B = Non-inter-level travel time spent in this place.
 C = Inter-level travel time spent in this place.
 D = Time resting spent in this place.
 E = Time spent auto-exploring this place.
 F = Levels seen in this place.
 G = Mean time per level.
                   A        B        C        D        E       F      G
               +--------+--------+--------+--------+--------+-----+--------+
         Total |   2071 |   2024 |     47 |    612 |   1043 |   3 |  690.3 |
       Dungeon |   2071 |   2024 |     47 |    612 |   1043 |   3 |  690.3 |
               +--------+--------+--------+--------+--------+-----+--------+

Top non-repeatable levels by time:
     D:2: 1081 daAuts
     D:1: 789 daAuts
     D:3: 200 daAuts
